 Dungeon Crawl Stone Soup version 0.27-a0-1281-ge233d83751 (webtiles) character file.

Game seed: 711528510773746183

18 BlueGoblin the Covered (level 2, 19/27 HPs)
             Began as a Deep Dwarf Fighter on June 14, 2021.
             Was an Initiate of Ashenzari.
             Quit the game on level 1 of the Dungeon.
             The game lasted 00:01:34 (296 turns).

BlueGoblin the Covered (Deep Dwarf Fighter)          Turns: 296, Time: 00:01:34

Health: 19/27      AC:  7    Str: 19    XL:     2   Next: 51%
Magic:  2/2        EV:  7    Int:  8    God:    Ashenzari [......]
Gold:   68         SH:  9    Dex: 12    Spells: 1/1 levels left

rFire    . . .     SeeInvis .   a - +0 war axe
rCold    . . .     Faith    .   c - +0 kite shield
rNeg     + . .     Spirit   .   b - +0 scale mail
rPois    .         Reflect  .   (no helmet)
rElec    .         Harm     .   (no cloak)
rCorr    .         Rampage  .   (no gloves)
Will     .....                  (no boots)
Stlth    ..........             (no amulet)
HPRegen  0.00/turn              e - ring of positive energy
MPRegen  0.08/turn              (no ring)

@: no status effects
A: damage resistance, heal wounds, sense surroundings 1, no regeneration
a: Heal Wounds, Renounce Religion


You were on level 1 of the Dungeon.
You worshipped Ashenzari.
Ashenzari was noncommittal.
You visited 1 branch of the dungeon, and saw 1 of its levels.

You collected 68 gold pieces.

Inventory:

Hand Weapons
 a - a +0 war axe (weapon)
Armour
 b - a +0 scale mail (worn)
 c - a +0 kite shield (worn)
Jewellery
 e - a ring of positive energy (left hand)
Scrolls
 f - a scroll of magic mapping
Potions
 d - 2 potions of might
 g - a potion of degeneration


   Skills:
 + Level 2.9 Fighting
 + Level 2.4 Axes
 + Level 3.7 Armour
 + Level 3.4 Shields


You had one spell level left.
You didn't know any spells.
Your spell library was empty.

Dungeon Overview and Level Annotations

Branches:
Dungeon (1/15)

Altars:
Ashenzari


Innate Abilities, Weirdness & Mutations

You are resistant to damage.
You can heal yourself by infusing magical energy.
You passively map a small area around you.
You do not regenerate.


Message History

The bat hits you but does no damage. You block the bat's attack.
You closely miss the bat. You block the bat's attack. x2
You hit the bat.
The bat is severely wounded.
You block the bat's attack. The bat hits you but does no damage.
The bat barely misses you. x2
You barely miss the bat.
The bat is severely wounded.
The bat hits you but does no damage. You block the bat's attack. x2
You hit the bat.
You kill the bat!
You see here a bat corpse.
Found a faded altar of an unknown god.
A hobgoblin comes into view.
The hobgoblin shouts!
You see here an orange potion.
You see here an orange potion.
g - an orange potion You barely miss the hobgoblin.
You block the hobgoblin's attack. The hobgoblin completely misses you.
You closely miss the hobgoblin.
The hobgoblin hits you but does no damage.
You slash the hobgoblin!
You kill the hobgoblin!
You see here a hobgoblin corpse.
You enter the shallow water.
Moving in this stuff is going to be slow.
You enter the shallow water.
Moving in this stuff is going to be slow.
There is a faded altar of an unknown god here.
You cannot tell which god this altar belongs to.
Convert to them anyway?
Ashenzari accepts your prayer! Ashenzari welcomes you!
f - a scroll of magic mapping;
g - a potion of degeneration Ashenzari warns you of distant threats and treasures.
Ashenzari reveals the structure of the dungeon to you.
Ashenzari shows you where magical portals lie.
Ashenzari prevents you from stumbling into unseen traps.
Ashenzari identifies your possessions. Why would you want to do that?
There is a broken altar of Ashenzari here.
Are you sure you want to abandon this character and quit the game? (Confirm with "yes".)

* *### ##, ..##
##.#####.##
##.#.....#.##
##.#≈†....≈..##
#.#.≈≈...≈.≈#.## *
#..≈.≈≈≈.≈..#.#
##.#≈≈≈≈≈≈.≈...#.#
#......≈@.≈....#.#
#..#≈≈≈≈≈≈.≈...#.#
#..#..≈.≈≈≈.≈..#.#
#.#.#.≈≈...≈.≈#.##
*,##.#≈.....≈..##
* , ##.#.....#.##
, , ###.#####.##
,,,, ,.,
...........# , ,,
.. ##......†..##,,
...


There were no monsters in sight!

Vanquished Creatures
  3 ball pythons (D:1)
  2 giant cockroaches (D:1)
  2 hobgoblins (D:1)
  A quokka (D:1)
  3 bats (D:1)
  3 frilled lizards (D:1)
  2 kobolds (D:1)
  3 rats (D:1)
19 creatures vanquished.

Vanquished Creatures (others)
  5 toadstools (D:1)
5 creatures vanquished.

Grand Total: 24 creatures vanquished

Notes
Turn   | Place    | Note
-------+----------+-------------------------------------------
     0 | D:1      | BlueGoblin the Deep Dwarf Fighter began the quest for the
                  | Orb.
     0 | D:1      | Reached XP level 1. HP: 20/20 MP: 1/1
   151 | D:1      | Reached XP level 2. HP: 24/27 MP: 2/2
   258 | D:1      | Found a faded altar of an unknown god.
   293 | D:1      | Became a worshipper of Ashenzari the Shackled
   296 | D:1      | Quit the game

Illustrated notes

Levels and vault maps discovered:
D:1:      minmay_arrival_checkered_box, layout_rooms,
          shapermc_ecumenical_altar_starsandcircs, minmay_gold_behind_fungi

Action                   || total
-------------------------++-------
Melee: War axe           ||    66
Armor: Scale mail        ||    47
Dodge: Dodged            ||    18
Block: Kite shield       ||    38

Table legend: (Time is in decaauts)
 A = Elapsed time spent in this place.
 B = Non-inter-level travel time spent in this place.
 C = Inter-level travel time spent in this place.
 D = Time resting spent in this place.
 E = Time spent auto-exploring this place.
 F = Levels seen in this place.
 G = Mean time per level.
                   A        B        C        D        E       F      G
               +--------+--------+--------+--------+--------+-----+--------+
         Total |    336 |    336 |      0 |      0 |    159 |   1 |  336.0 |
       Dungeon |    336 |    336 |      0 |      0 |    159 |   1 |  336.0 |
               +--------+--------+--------+--------+--------+-----+--------+

Top non-repeatable levels by time:
     D:1: 336 daAuts
